coffeebug, lawful male dwarven Archeologist --- --- ---.-- ---.-- ---- |..... |....--|..| |.. ---..... |.....--..-- ------.- u-- |....... ---........-----..|...| .@| |....... --..>......|.......-- -.-- --...... |...........-......-----------G..| ----..... --.......^..............)....*--.| --.|.....- |... ------- ..--..---#------.--...- |.....).--------... --..| --......--- .--....----..|.... |-.-- |....*-...|-- |....||......... ---...| --.........|.-- .------..--.......^. |.....| ---.............-- -..|.---............. |....-- --.%..............----- |.....|......----.<.. --..-- |...................|.-- |........-.--- ----- |..| ---................^...| |........... ---- --..................-- --.------ --.^..--.........--- --- |..---|......|..| ---- --.|.------ ----- coffeebug the Field Worker Experience level: 5 Strength: 25 Dexterity: 11 Constitution: 12 Intelligence: 16 Wisdom: 16 Charisma: 8 Health: 0(36) Energy: 23(23) Def: 4 Gold: 0 Moves: 2414 Dungeon seed: ESoe_Y-b8MVutilr Game ID: coffeebug_1433677707 Your Inventory: Weapons a - an uncursed +2 bullwhip Armor n - an uncursed +0 fedora (being worn) y - an uncursed +0 chain mail (being worn) z - an uncursed burnt +0 alchemy smock (being worn) G - an uncursed -1 pair of water walking boots N - an uncursed rusty -1 pair of gauntlets of power (being worn) Comestibles l - an uncursed egg o - 3 uncursed food rations u - an uncursed fortune cookie Scrolls h - an uncursed scroll of scare monster i - a blessed scroll of remove curse m - a cursed scroll of create monster Wands j - an uncursed wand of cancellation (0:4) k - an uncursed wand of polymorph (0:2) Q - an uncursed wand of light (0:13) Tools e - an uncursed +0 pick-axe (weapon in hand) q - an uncursed tin opener r - an uncursed sack s - an uncursed skeleton key Gems g - an uncursed touchstone Y - 2 uncursed jasper stones Contents of the sack: 658 gold pieces an uncursed scroll of amnesia a cursed scroll of enchant armor a cursed scroll of fire a blessed scroll of light an uncursed scroll of magic mapping an uncursed scroll of scare monster an uncursed scroll of teleportation an uncursed potion of extra healing an uncursed potion of gain energy an uncursed potion of healing a cursed potion of restore ability Spells known in the end: Name Level Category Fail Memory a - cause fear 3 enchantment 100% 90% Your skills at the end: Fighting Skills Weapon Skills pick-axe [Basic] boomerang [Basic] whip [Basic] Spellcasting Skills Final Attributes: You had transgressed. You were poison resistant. You were acid resistant. You had infravision. You were stealthy. You were fast. You are dead. Vanquished creatures: a freezing sphere a chameleon a giant spider a snake a rock piercer a little dog a giant bat an iguana 4 coyotes a cave spider a brown mold 3 gnomes 2 geckos 4 foxen a kobold a goblin 5 sewer rats 3 grid bugs 4 bats 2 lichens a newt 40 creatures vanquished. Voluntary challenges: You used a wielded weapon 38 times, starting on turn 180. You read items or engraved 22 times, starting on turn 51. You never genocided any monsters. You never polymorphed an object. You never changed form. You used no wishes. You never split a pudding. You wrote Elbereth's name 13 times, starting on turn 51. You violated your moral code, losing 19 points of alignment, starting on turn 416. Dungeon overview: The Dungeons of Doom: levels 1 to 5 Level 1 a long staircase Level 2 a general store, a fountain Level 3 Level 4 a sink stairs to The Gnomish Mines Level 5 The Gnomish Mines: levels 5 to 10 Level 5 stairs to The Dungeons of Doom Level 6 Level 7 many shops, a temple to Huhetotl, some fountains Level 8 Level 9 <- You were here Level 10 History has recorded: On T:1 you entered the Dungeons of Doom to retrieve the Amulet of Yendor! On T:14 you reached level 2 of The Dungeons of Doom. On T:198 you reached level 3 of The Dungeons of Doom. On T:416 you advanced to experience level 2. On T:491 you advanced to experience level 3. On T:544 you reached level 4 of The Dungeons of Doom. On T:769 you reached level 5 of The Dungeons of Doom. On T:909 you reached level 1 of The Gnomish Mines. On T:913 you reached level 2 of The Gnomish Mines. On T:1035 you reached level 3 of The Gnomish Mines. On T:1079 you reached level 4 of The Gnomish Mines. On T:1274 you advanced to experience level 4. On T:1844 you reached level 5 of The Gnomish Mines. On T:2042 you advanced to experience level 5. On T:2221 you reached level 6 of The Gnomish Mines. Score breakdown: Gold: 658 ( 9588 points) Experience: 5 levels (11141 points) Exploration: 10 levels ( 21.28%) (13269 points) Discoveries: 17 items ( 5.80%) ( 7226 points) Valuables value: (no points given unless you survive) Artifact value: 0 ( 0 points) Variety of kills: 21 monsters ( 5.54%) ( 7061 points) Time penalty: 2414 turns ( -278 points) Survival: died (score multiplied by 80%) Total score: 38405 Latest messages: You put a blessed scroll called light into the sack. You put an uncursed potion called puce 100 into the sack. You put an uncursed potion called swirly 100 into the sack. You put an uncursed potion called p-r 150 into the sack. You drop a mirror (unpaid, 13 zorkmids). The gray unicorn butts! The gray unicorn just misses! The gray unicorn butts! The gray unicorn kicks! You die... Final status: Goodbye coffeebug the Archeologist, killed by a gray unicorn... You died in The Gnomish Mines on dungeon level 9 with 38405 points, and 658 pieces of gold, after 2414 moves. You were level 5 with a maximum of 36 hit points when you died.